cohdb
Replays
Latest Replays
All Replays
Popular Replays
Top Player Replays
Match Explorer
How It Works
Community
CoH3 Stats
Reddit
Sign in to upload your games and track your stats! →
Sign in with Steam
Match 28272703
Unlisted
Match 28272703
Overview
Messages
Build Orders
End
Construct Barracks
Engineer Squad
Selects Armored Battlegroup
Riflemen Squad
Selects Assault Engineers
Riflemen Squad
Riflemen Squad
Infantry Support Center
Construct Medical Station
Grenade Package
M1 Mortar Team
Construct Motor Pool
M1 Anti-tank Gun Team
M8 Greyhound Armored Car
Selects Fast Deploy
Selects Field Repairs
M24 Chaffee Light Tank
M1 Anti-tank Gun Team
Selects War Machine
Selects M8 Scott SPG
Construct Tank Depot
Scout Squad
Wrathment
HOKAGE
0
0
Comments
sign in to comment!
No comments posted yet!